 Dungeon Crawl Stone Soup version 0.31-a0-1338-gb567cfdca4 (webtiles) character file.

Game seed: 14988520597088439903

235 croobank the Ruffian (level 5, -40/42 HPs)
             Began as a Demigod Shapeshifter on Dec 21, 2023.
             Killed by an exploding jackal (47 damage)
             ... ignited by their inner flame
             ... in a sewer.
             The game lasted 00:10:41 (3517 turns).

croobank the Ruffian (Demigod Shapeshifter)         Turns: 3517, Time: 00:10:42

Health: -40/42     AC:  6    Str: 15    XL:     5   Next: 47%
Magic:  7/7        EV: 11    Int: 16    God:
Gold:   128        SH:  0    Dex: 13    Spells: 4/4 levels left

rFire   . .          .
                       - Unarmed
rCold   . . .        (no shield)
rNeg    . . .        h - +1 ring mail {Will+}
rPois   .            (helmet currently unavailable)
rElec   .            (cloak currently unavailable)
rCorr   .            (gloves currently unavailable)
SInv    .            (boots currently unavailable)
Will    +....        (no amulet)
Stlth   +            (no ring)
HPRegen 0.27/turn    (no ring)
MPRegen 0.10/turn

%: no passive effects
@: beast-form
A: beast (slay +2), high MP 1, forlorn, divine attributes
a: Begin Untransformation


You were in a sewer.
You were a hulking beast.
You visited 1 branch of the dungeon, and saw 4 of its levels.
You also visited: Sewer.

You collected 128 gold pieces.

Inventory:

Hand Weapons
 a - a +1 mace of venom
 i - a +0 spear
 l - a +0 dagger
 q - a +0 trident
Missiles
 f - 5 poisoned darts
Armour
 b - a +0 animal skin
 h - a +1 ring mail of willpower (worn)
Jewellery
 g - a ring of ice
 m - a +6 ring of intelligence
Talismans
 c - a beast talisman
 d - a flux talisman
 v - a maw talisman
Wands
 r - a wand of digging (5)
Scrolls
 e - 2 scrolls of revelation
 j - 2 scrolls of immolation
 k - 3 scrolls of teleportation
 o - a scroll of silence
 s - a scroll of amnesia
Potions
 p - a potion of mutation
 t - a potion of enlightenment


   Skills:
 + Level 2.5 Fighting
 + Level 3.1 Dodging
 + Level 3.7 Unarmed Combat
 + Level 3.6 Shapeshifting


You had 4 spell levels left.
You didn't know any spells.
Your spell library contained the following spells:

 Spells                   Type           Power      Damage    Failure   Level
 Foxfire                  Conj/Fire      0%         2x1d4     45%         1
 Sting                    Conj/Alch      0%         1d3       45%         1
 Mercury Vapours          Alch/Air       0%         N/A       58%         2
 Olgreb's Toxic Radiance  Alch           0%         N/A       99%         4
 Summon Forest            Summ/Tloc      0%         N/A       100%        5
 Eringya's Noxious Bog    Alch           0%         4d6       100%        6
 Plasma Beam              Fire/Air       0%         2x1d10    100%        6
 Starburst                Conj/Fire      0%         6d3       100%        6
 Summon Hydra             Summ           0%         N/A       100%        7


Dungeon Overview and Level Annotations

Branches:
Dungeon (4/15)              Sewer (1/1)
 Temple: D:4-7

Annotations:
D:3 Natasha


Innate Abilities, Weirdness & Mutations

You are a hulking beast.
Your limbs bulge with bestial killing power. (Slay +2)
You have an increased reservoir of magic. (+10% MP)
You shall have no god before yourself.
Your divine heritage dramatically boosts your attributes as you level up.


Message History

The jackal bites you but does no damage.
The river rat closely misses you. The jackal barely misses you.
You hit the jackal.
The jackal is moderately wounded.
The river rat barely misses you. The jackal closely misses you.
You barely miss the jackal.
The jackal is moderately wounded.
The river rat bites you!
* * * LOW HITPOINT WARNING * * *
The jackal closely misses you.
You closely miss the jackal.
The jackal is moderately wounded.
The jackal bites you but does no damage.
The river rat completely misses you.
You hit the river rat.
The river rat is heavily wounded.
The jackal closely misses you. The river rat bites you.
* * * LOW HITPOINT WARNING * * *
Okay, then.
As you read the scroll labelled SOAH ANE RIPH, it crumbles to dust.
The creatures around you are filled with an inner flame!
It was a scroll of immolation.
The jackal barely misses you. The jackal bites you.
* * * LOW HITPOINT WARNING * * *
The river rat barely misses you.
Okay, then.
An adder comes into view.
The adder hisses angrily.
The river rat attacks as it pursues you!
The river rat bites you.
* * * LOW HITPOINT WARNING * * *
You enter the shallow water.
Moving in this stuff is going to be slow.
The jackal attacks as it pursues you! The jackal closely misses you.
The jackal bites you but does no damage.
You hit the jackal.
The jackal explodes!
The fiery explosion engulfs you!!!
Ouch! That really hurt!
You die...

#≈≈≈≈≈≈≈≈≈≈ #≈≈≈≈
#~#≈≈≈≈≈≈≈≈≈≈≈
P#≈≈≈≈≈#~#≈≈≈≈≈≈≈≈≈≈≈
~P.~~≈≈#~#≈≈≈≈≈≈≈≈≈≈≈
P~.P...#~#.~.≈≈≈≈≈≈≈≈
..~~P.~#~#~.~≈≈≈≈≈≈≈≈
...~~P~P~P~..~≈≈≈≈≈≈≈
.~~.~.~P~...h§≈≈≈≈≈≈≈
~.~.~.~P...SP§P≈≈≈≈≈≈
.....~†.†~.r§§§≈≈≈≈≈≈
~..~...~~~..#~#≈≈≈≈≈≈
.~...~~~~...#~#≈≈≈≈≈≈
#~..#########.#~#
≈≈≈≈≈ .~P~~ ~.#~#
≈≈≈≈≈ ##~.~~####
#.#~# ≈≈≈≈ #~..~ #~#
#~#~# ≈≈≈≈


You could see an adder and a river rat (inner flame).

Vanquished Creatures
  Natasha (twice) (D:3)
  Terence (D:2)
  5 river rats
  4 adders
  2 dart slugs
  3 endoplasms
  15 giant cockroaches
  7 goblins
  7 hobgoblins
  3 jackals (Sewer)
  2 quokkas
  9 ball pythons
  6 bats
  5 frilled lizards
  4 kobolds
  8 rats
83 creatures vanquished.

Notes
Turn   | Place    | Note
-------+----------+-------------------------------------------
     0 | D:1      | croobank the Demigod Shapeshifter began the quest for the
                  | Orb.
     0 | D:1      | Reached XP level 1. HP: 15/15 MP: 3/3
    33 | D:1      | Reached skill level 1 in Fighting
   291 | D:1      | Reached XP level 2. HP: 23/23 MP: 4/4
  1052 | D:2      | Reached XP level 3. HP: 28/28 MP: 5/5
  1166 | D:2      | Noticed Terence
  1178 | D:2      | Killed Terence
  1465 | D:2      | Reached XP level 4. HP: 29/36 MP: 6/6
  2406 | D:3      | Noticed Natasha
  2419 | D:3      | Killed Natasha
  2696 | D:3      | Noticed Natasha
  2738 | D:3      | Killed Natasha
  2886 | D:3      | Noticed Natasha
  2901 | D:4      | Reached XP level 5. HP: 37/42 MP: 7/7
  3033 | D:4      | Found a glowing drain.
  3037 | Sewer    | Entered a sewer
  3517 | Sewer    | Killed by an exploding jackal... ignited by their inner
                  | flame

Illustrated notes

Levels and vault maps discovered:
D:1:      minmay_arrival_four_houses, layout_loops_ring
D:2:      cheibrodos_old_hovel, layout_basic, ebering_ecumenical_altar_ruins,
          uniq_terence
D:3:      minmay_roachtagon, layout_basic, grunt_decor_junction, uniq_natasha
D:4:      layout_loops_ring, lightli_sewer_entry_pipes
Sewer:    sewer_co_scattered_pipes

Skill      XL: |  1  2  3  4 |
---------------+-------------+-----
Fighting       | 1 2 |  2.5
Dodging        | 2 3 |  3.1
Unarmed Combat | 3 |  3.7
Shapeshifting  | 3 |  3.6

Action                     |  1- 3 |  4- 6 || total
---------------------------+-------+-------++-------
  Melee: Unarmed           |   124 |   197 ||   321
         Mace              |    13 |       ||    13
         Punch             |     1 |     2 ||     3
    Use: Potion            |     2 |     3 ||     5
         Scroll            |       |     6 ||     6
   Stab: Sleeping          |     1 |       ||     1
 Armour: Ring mail         |    84 |   118 ||   202
         Skin              |    11 |       ||    11
  Dodge: Dodged            |    84 |   105 ||   189

Table legend: (Time is in decaauts)
 A = Elapsed time spent in this place.
 B = Non-inter-level travel time spent in this place.
 C = Inter-level travel time spent in this place.
 D = Time resting spent in this place.
 E = Time spent auto-exploring this place.
 F = Levels seen in this place.
 G = Mean time per level.
                   A        B        C        D        E       F      G
               +--------+--------+--------+--------+--------+-----+--------+
         Total |   3551 |   3509 |     42 |    937 |   1580 |   5 |  710.2 |
       Dungeon |   3042 |   3000 |     42 |    691 |   1470 |   4 |  760.5 |
         Sewer |    508 |    508 |      0 |    246 |    110 |   1 |  508.0 |
               +--------+--------+--------+--------+--------+-----+--------+

Top non-repeatable levels by time:
     D:2: 1052 daAuts
     D:1: 997 daAuts
     D:3: 837 daAuts
   Sewer: 508 daAuts
     D:4: 155 daAuts
